 Dungeon Sprint DCSS version 0.31-a0-43-g46d131a48f (webtiles) character file.

Game seed: 5498237314276246249

2393 sircluck the Grappler (level 9, -6/101 HPs)
             Began as a Troll Berserker on May 19, 2023.
             Was a High Priest of Trog.
             Mangled by a yaktaur (14 damage)
             ... in the Dungeon (Sprint II: "The Violet Keep of Menkaure").
             The game lasted 00:02:42 (371 turns).

sircluck the Grappler (Troll Berserker)              Turns: 371, Time: 00:02:43

Health: -6/101     AC:  4    Str: 31    XL:     9   Next: 22%
Magic:  8/8        EV: 12    Int:  1    God:    Trog [*****.]
Gold:   85         SH:  0    Dex:  9    Spells: 8/8 levels left

rFire   . .          .
                       - Unarmed
rCold   . . .        (no shield)
rNeg    . . .        a - +0 animal skin
rPois   .            (helmet restricted)
rElec   .            (no cloak)
rCorr   .            (gloves unavailable)
SInv    .            (boots unavailable)
Will    .....        (no amulet)
Stlth   +            (no ring)
HPRegen 1.16/turn    (no ring)
MPRegen 0.11/turn

%: no teleportation
@: on berserk cooldown, slowed, very slow
A: large, unfitting armour, claws 3, regeneration 1, shaggy fur 1, tough skin 1,
dopey 1
a: Renounce Religion, Berserk, Trog's Hand, Brothers in Arms


You were in the Dungeon.
You worshipped Trog.
Trog was extremely pleased with you.
You visited 1 branch You collected 980 gold pieces.
You spent 895 gold pieces at shops.

Inventory:

Armour
 a - a +0 animal skin (worn)
 h - a +2 cloak
 i - a +0 tower shield
Jewellery
 j - the ring of Mulinommeu {Ice Will+ rCorr Str+3 Dex+4}
   (You bought it in a shop in the Dungeon)

   [ring of ice]

   It enhances your ice magic.
   Str:       It affects your strength (+3).
   Dex:       It affects your dexterity (+4).
   rF:        It makes you vulnerable to fire.
   rC:        It protects you from cold.
   rCorr:     It protects you from acid and corrosion.
   Will:      It increases your willpower.
Scrolls
 g - a scroll of blinking
Potions
 d - a potion of haste
 e - 2 potions of magic
 f - a potion of berserk rage


   Skills:
 + Level 10.1 Fighting
 + Level 9.6 Dodging
 + Level 0.7 Stealth
 + Level 14.2 Unarmed Combat


You had 8 spell levels left.
You didn't know any spells.
Your spell library was empty.

Dungeon Overview and Level Annotations

Branches:
Dungeon (1/1)

Altars:
Cheibriados
Dithmenos
Elyvilon
Fedhas
Gozag
Kikubaaqudgha
Makhleb
Nemelex Xobeh
Okawaru
Sif Muna
Trog
Uskayaw
Vehumet
Yredelemnul
Zin
Jiyva
Lugonu

Shops:
D :=[([?![:!?!(=[

Annotations:
D exclusions: oklob plant and orange crystal statue


Innate Abilities, Weirdness & Mutations

You are too large for most types of armour.
You have claws for hands.
Your natural rate of healing is unusually fast.
You are covered in fur. (AC +1)
You have tough skin. (AC +1)
You are dopey. (Int -2)


Message History

* * * LOW HITPOINT WARNING * * *
You are poisoned.
You feel as though you will be slow longer.
You see here a polar bear corpse.
You feel much better.
You feel very sick. The hornet misses you. The hornet stings you!
You feel as though you will be slow longer.
You scratch the hornet.
The hornet is severely wounded.
You feel sick. The hornet closely misses you. The hornet stings you!
* * * LOW HITPOINT WARNING * * *
You feel as though you will be slow longer.
Unknown command.
You scratch the hornet. Your claw misses the hornet.
The hornet is almost dead.
You feel sick.
The hornet stings you but does no damage. x2
You closely miss the hornet.
The hornet is almost dead.
You feel sick. The hornet closely misses you. The hornet barely misses you.
You mangle the hornet!!
You kill the hornet!
Trog accepts your kill.
You feel sick.
Your Unarmed Combat skill increases to level 14!
You feel sick.
You are no longer poisoned.
The yaktaur wields a +0 arbalest.
The yaktaur shoots a bolt.
The bolt closely misses you.
Things that are here:
a hornet corpse; a polar bear corpse The yaktaur unwields a +0 arbalest.
The yaktaur hits you!
* * * LOW HITPOINT WARNING * * *
The yaktaur hits you.
* * * LOW HITPOINT WARNING * * *
You mangle the yaktaur!!
The yaktaur is heavily wounded.
The yaktaur hits you!
You die...
S§ +++## ....# ##..# ###.#### +.### ..#....# ^..#### ? .####..## #..##.# ?$ ###.##..# +^.#.c# [=? ##...#..# #..#.@# $!)! .†.##+..####..##†# )?$$(

##†..#....###..†##▓▓▓▓▓▓
###.##......~~~~~~~~~~~~
.####~~..§..~#+########+
..#~~~~~~~§.§#....._._#~
.##~~~§§§~~§~#...._._.#~
##~~~§≈§§§~~~#..._._._#~
~~§~~~§≈≈≈§~~#.._._._.#~


You could see a yaktaur.

Vanquished Creatures
  A merfolk siren (D)
  A polar bear (D)
  A hornet (D)
  4 neqoxecs (D)
  Menkaure (D)
  2 water moccasins (D)
  4 necrophages (D)
  4 scorpions (D)
  A hell rat (D)
19 creatures vanquished.

Vanquished Creatures (collateral kills)
  2 polar bears (D)
2 creatures vanquished.

Grand Total: 21 creatures vanquished

Notes
Turn   | Place    | Note
-------+----------+-------------------------------------------
     0 | D        | sircluck the Troll Berserker began the quest for the Orb.
     0 | D        | Reached XP level 1. HP: 22/22 MP: 0/0
     1 | D        | Noticed a scorpion
     1 | D        | Noticed a scorpion
     1 | D        | Noticed a scorpion
     1 | D        | Noticed a scorpion
     5 | D        | Noticed a necrophage
     5 | D        | Noticed a necrophage
     5 | D        | Noticed a necrophage
     5 | D        | Noticed a necrophage
     9 | D        | Killed a necrophage
    10 | D        | Reached skill level 5 in Unarmed Combat
    10 | D        | Reached XP level 2. HP: 33/33 MP: 1/1
    10 | D        | Reached XP level 3. HP: 40/40 MP: 2/2
    10 | D        | Killed a necrophage
    11 | D        | Reached skill level 5 in Fighting
    11 | D        | Reached skill level 5 in Dodging
    11 | D        | Reached skill level 6 in Unarmed Combat
    11 | D        | Reached XP level 4. HP: 50/50 MP: 3/3
    16 | D        | Killed a necrophage
    16 | D        | Reached ** piety under Trog
    17 | D        | Reached skill level 7 in Unarmed Combat
    17 | D        | Reached XP level 5. HP: 59/59 MP: 4/4
    61 | D        | Noticed Menkaure
    61 | D        | Noticed a merfolk siren
    64 | D        | Killed Menkaure
    65 | D        | Reached skill level 8 in Unarmed Combat
    65 | D        | Reached XP level 6. HP: 68/68 MP: 5/5
    66 | D        | Killed a merfolk siren
    66 | D        | Reached *** piety under Trog
    67 | D        | Reached skill level 10 in Unarmed Combat
    67 | D        | Reached XP level 7. HP: 75/80 MP: 6/6
    70 | D        | Noticed an orange crystal statue
    88 | D        | Noticed a neqoxec
    90 | D        | Noticed a neqoxec
    91 | D        | Killed a neqoxec
    92 | D        | Reached skill level 11 in Unarmed Combat
    94 | D        | Killed a neqoxec
    94 | D        | Reached **** piety under Trog
    96 | D        | Found Fiomea's Antique Armour Shop.
    97 | D        | Found Relusi's Jewellery Boutique.
    97 | D        | Found Diqoicu's Distillery.
    97 | D        | Found Towargh's Distillery.
    97 | D        | Noticed a neqoxec
    98 | D        | Found Cutezoha's Book Boutique.
    98 | D        | Found Hasmet's Antique Armour Shop.
    98 | D        | Found Xeduwo's Magic Scroll Shop.
    98 | D        | Found Pixiptawn's Distillery.
    99 | D        | Found Zuben's Magic Scroll Boutique.
    99 | D        | Found Tiocseupn's Armour Shop.
    99 | D        | Found Bun Pebb's Antique Weapon Boutique.
    99 | D        | Found Neirih's Antique Weapon Shop.
    99 | D        | Noticed a neqoxec
   102 | D        | Gained mutation: You are dopey. (Int -2) [a neqoxec]
   107 | D        | Killed a neqoxec
   108 | D        | Reached XP level 8. HP: 40/91 MP: 7/7
   154 | D        | Found Badeschi's Armour Shop.
   154 | D        | Found Cigeobas's Jewellery Boutique.
   155 | D        | Noticed an ice dragon
   155 | D        | Noticed an oklob plant
   159 | D        | Reached skill level 12 in Unarmed Combat
   159 | D        | Noticed a fire dragon
   160 | D        | Found Raighuf's Book Shoppe.
   179 | D        | Reached ***** piety under Trog
   236 | D        | Bought a +2 cloak for 231 gold pieces
   241 | D        | Bought a tower shield for 85 gold pieces
   249 | D        | Bought the ring of Mulinommeu {Ice Will+ rCorr Str+3 Dex+4}
                  | for 579 gold pieces
   331 | D        | Found a snail-covered altar of Cheibriados.
   332 | D        | Found a shadowy altar of Dithmenos.
   333 | D        | Found a white marble altar of Elyvilon.
   333 | D        | Found an ancient bone altar of Kikubaaqudgha.
   333 | D        | Found a viscous altar of Jiyva.
   334 | D        | Found a blossoming altar of Fedhas.
   334 | D        | Found a corrupted altar of Lugonu.
   334 | D        | Found a shimmering blue altar of Sif Muna.
   335 | D        | Found an opulent altar of Gozag.
   335 | D        | Found a burning altar of Makhleb.
   335 | D        | Found a bloodstained altar of Trog.
   336 | D        | Found a sparkling altar of Nemelex Xobeh.
   336 | D        | Found a hide-covered altar of Uskayaw.
   337 | D        | Found an iron altar of Okawaru.
   337 | D        | Found a radiant altar of Vehumet.
   337 | D        | Found a glowing silver altar of Zin.
   337 | D        | Found a basalt altar of Yredelemnul.
   337 | D        | Noticed a polar bear
   337 | D        | Noticed a polar bear
   338 | D        | Noticed a polar bear
   343 | D        | Killed a polar bear
   344 | D        | Reached skill level 13 in Unarmed Combat
   344 | D        | Noticed a hornet
   345 | D        | Killed a polar bear
   346 | D        | Reached XP level 9. HP: 101/101 MP: 8/8
   349 | D        | Killed a polar bear
   350 | D        | Reached skill level 10 in Fighting
   352 | D        | Paralysed by a hornet for 3 turns
   363 | D        | Noticed a yaktaur
   369 | D        | Reached skill level 14 in Unarmed Combat
   371 | D        | Mangled by a yaktaur

Illustrated notes

Levels and vault maps discovered:
D:        the_violet_keep_of_menkaure [sprint2_stairs_cluster_1,
          sprint2_shoproom, sprint2_temple, sprint2_basic_supplies,
          sprint2_obstacle_4, sprint2_obstacle_3, sprint2_obstacle_5,
          sprint2_obstacle_7, sprint2_obstacle_1, sprint2_timed_cluster_1,
          sprint2_smallroom_cluster_1, sprint2_smallroom_final_cluster_1,
          sprint2_transparent_cluster_1, sprint2_second_timed_cluster_1,
          sprint2_sniper_area_1, sprint2_heavy_combat_area_1,
          sprint2_mutation_trap_area_1, sprint2_forest_area_1,
          sprint2_light_combat_area_1, sprint2_behind_water_1,
          sprint2_near_end_vault_1]

Skill      XL: |  1  2  3  4  5  6  7  8  9 |
---------------+----------------------------+-----
Fighting       | 4 5 6 8 9 10 | 10.1
Dodging        | 4 5 6 7 8 9 |  9.6
Unarmed Combat | 5 6 7 8 10 11 13 14 | 14.2
Stealth        | |  0.7

Action                     |  1- 3 |  4- 6 |  7- 9 || total
---------------------------+-------+-------+-------++-------
  Melee: Unarmed           |     3 |    11 |    44 ||    58
         Punch             |       |     1 |     2 ||     3
 Invoke: Berserk           |     1 |     1 |     1 ||     3
         Brothers in Arms  |       |       |     1 ||     1
    Use: Potion            |       |       |     2 ||     2
   Stab: Distracted        |       |       |     1 ||     1
 Armour: Animal skin       |       |       |     7 ||     7
  Dodge: Dodged            |     1 |     4 |    20 ||    25

Table legend: (Time is in decaauts)
 A = Elapsed time spent in this place.
 B = Non-inter-level travel time spent in this place.
 C = Inter-level travel time spent in this place.
 D = Time resting spent in this place.
 E = Time spent auto-exploring this place.
 F = Levels seen in this place.
 G = Mean time per level.
                   A        B        C        D        E       F      G
               +--------+--------+--------+--------+--------+-----+--------+
         Total |    385 |    364 |     21 |     34 |     97 |   1 |  385.0 |
       Dungeon |    385 |    364 |     21 |     34 |     97 |   1 |  385.0 |
               +--------+--------+--------+--------+--------+-----+--------+

Top non-repeatable levels by time:
       D: 385 daAuts
